 Dungeon Crawl Stone Soup version 0.28.0-1-gb440e238dd (webtiles) character file.

Game seed: 888971615130247373

382 CrazyMind the Grasshopper (level 6, -5/51 HPs)
             Began as a Gnoll Warper on Feb 23, 2022.
             Was an Initiate of Ashenzari.
             Slain by Crazy Yiuf (11 damage)
             ... on level 3 of the Dungeon on Feb 24, 2022.
             The game lasted 00:32:40 (6365 turns).

CrazyMind the Grasshopper (Gnoll Warper)            Turns: 6365, Time: 00:32:41

Health: -5/51      AC:  3    Str:  9 (11) XL:     6   Next: 76%
Magic:  12/14      EV: 12    Int: 18 (20) God:    Ashenzari [......]
Gold:   137        SH:  0    Dex:  9 (11) Spells: 5/15 levels left

rFire   . . .      SeeInvis .   l - +2 trident (flame)
rCold   + . .      Faith    .   (no shield)
rNeg    . . .      Spirit   .   b - +0 leather armour
rPois   .          Reflect  .   (no helmet)
rElec   .          Harm     .   (no cloak)
rCorr   .          Rampage  .   (no gloves)
Will    .....                   (no boots)
Stlth   +.........              (no amulet)
HPRegen 0.17/turn               o - +6 ring of intelligence
MPRegen 0.14/turn               t - ring of protection from cold

@: lethally poisoned (-5 -> -13), on blink cooldown, hasted, invisible, very
quick
A: fangs 1, strong nose, distributed training
a: Renounce Religion


You were on level 3 of the Dungeon.
You worshipped Ashenzari.
Ashenzari was noncommittal.
You visited 1 branch of the dungeon, and saw 4 of its levels.

You collected 137 gold pieces.

Inventory:

Hand Weapons
 f - a +0 flail
 k - a +0 morningstar
 l - a +2 trident of flaming (weapon)
 m - a +0 whip
Missiles
 a - 118 stones (quivered)
 d - 2 boomerangs of dispersal
 e - 35 sling bullets
Armour
 b - a +0 leather armour (worn)
 c - a +0 chain mail
 i - a +0 scale mail
Jewellery
 o - a +6 ring of intelligence (left hand)
 p - a ring of ice
 t - a ring of protection from cold (right hand)
Potions
 h - a potion of heal wounds
 n - a potion of mutation {unknown}
 q - a potion of cancellation {unknown}
 s - a potion of curing {unknown}


   Skills:
 + Level 5.0 Fighting
 + Level 2.1 Short Blades
 + Level 2.1 Long Blades
 + Level 2.1 Axes
 + Level 5.0 Maces & Flails
 + Level 2.1 Polearms
 + Level 2.1 Staves
 + Level 2.1 Slings
 + Level 2.1 Bows
 + Level 2.1 Crossbows
 + Level 3.3 Throwing
 + Level 3.3 Armour
 + Level 5.0 Dodging
 + Level 2.1 Stealth
 + Level 2.1 Shields
 + Level 2.1 Unarmed Combat
 + Level 5.4 Spellcasting
 + Level 1.6 Conjurations
 + Level 1.6 Hexes
 + Level 1.6 Summonings
 + Level 1.6 Necromancy
 + Level 5.7 Translocations
 + Level 1.6 Transmutations
 + Level 1.6 Fire Magic
 + Level 1.6 Ice Magic
 + Level 1.6 Air Magic
 + Level 1.6 Earth Magic
 + Level 1.6 Poison Magic
 + Level 2.3 Invocations
 + Level 2.1 Evocations


You had 5 spell levels left.
You knew the following spells:

 Your Spells              Type           Power      Damage    Failure   Level
a - Blink                 Tloc           50%        N/A       2%          2
b - Gell's Gravitas       Tloc           25%        N/A       4%          3
c - Manifold Assault      Tloc           25%        N/A       41%         5

Your spell library contained the following spells:

 Spells                   Type           Power      Damage    Failure   Level
 Lesser Beckoning         Tloc           25%        N/A       4%          3
 Teleport Other           Tloc           25%        N/A       4%          3
 Conjure Ball Lightning   Conj/Air       5%         3x3d6     100%        6
 Discord                  Hex            5%         N/A       100%        8
 Disjunction              Tloc           12%        N/A       100%        8


Dungeon Overview and Level Annotations

Branches:
Dungeon (4/15)
 Temple: D:4-7

Altars:
Ashenzari
Okawaru
Sif Muna

Shops:
D:3 [[

Annotations:
D:3 exclusion: downstairs, Crazy Yiuf


Innate Abilities, Weirdness & Mutations

You have very sharp teeth.
Your uncanny sense of smell can sniff out nearby items.
Your experience applies equally to all skills.


Message History

You open the door. You closely miss Crazy Yiuf.
Crazy Yiuf hits you with a +3 quarterstaff of chaos!
Crazy Yiuf freezes you.
You closely miss Crazy Yiuf.
Crazy Yiuf hits you with a +3 quarterstaff of chaos!
You resist with some effort.
You hit Crazy Yiuf but do no damage. Crazy Yiuf misses you.
You closely miss Crazy Yiuf.
Crazy Yiuf cries, "Powder spinner seventy!"
Crazy Yiuf misses you. Crazy Yiuf closely misses you.
You barely miss Crazy Yiuf.
Crazy Yiuf hits you with a +3 quarterstaff of chaos.
Crazy Yiuf freezes you.
You closely miss Crazy Yiuf. You bite Crazy Yiuf, but do no damage.
Crazy Yiuf says, "Crazy?
Crazy!?
PORCUPINE!"
Crazy Yiuf hits you with a +3 quarterstaff of chaos!
You feel yourself speed up.
You hit Crazy Yiuf. You burn Crazy Yiuf. You bite Crazy Yiuf, but do no damage.
Crazy Yiuf is moderately wounded.
Crazy Yiuf hits you with a +3 quarterstaff of chaos!
* * * LOW HITPOINT WARNING * * *
Crazy Yiuf draws strength from your wounds!
Cast which spell? (? or * to list)
You blink.
It was a potion of heal wounds.
You feel much better.
Crazy Yiuf hits you with a +3 quarterstaff of chaos!
* * * LOW HITPOINT WARNING * * *
You are lethally poisoned!
It was a potion of invisibility.
You fade into invisibility!
* * * LOW HITPOINT WARNING * * *
You feel sick.
It was a potion of degeneration.
There was something very wrong with that liquid.
You feel weakened.
You feel dopey.
You feel clumsy.
* * * LOW HITPOINT WARNING * * *
You feel sick.
Crazy Yiuf hits you with a +3 quarterstaff of chaos!
You die...

#.......#.#
##
#.......#.#
#.
#.......#.#
#[
#.......#.#
#[
###########
##. ### #..
##### #.#
######.#
#)..#
#.###.......
#.@.#
#..##.......
#.g.#
##.##.......
##'##
#.##.......
♣§♣♣
#.##.......
♣♣.♣
#.##.....).
♣.♣♣
#..#.....).
♣♣.♣
##†#.......
♣♣.♣♣
#.#.......
♣♣P♣.♣
#..#######


You could see Crazy Yiuf.

Vanquished Creatures
  2 hounds
  A jelly (D:4)
  An iguana (D:4)
  9 gnolls
  7 adders (D:2)
  4 dart slugs
  9 orcs (D:3)
  7 ball pythons
  9 endoplasms
  6 giant cockroaches
  6 hobgoblins
  8 jackals (D:1)
  8 kobolds
  3 quokkas
  6 bats
  A frilled lizard (D:1)
  6 goblins
  5 rats
  A bush (D:3)
99 creatures vanquished.

Notes
Turn   | Place    | Note
-------+----------+-------------------------------------------
     0 | D:1      | CrazyMind the Gnoll Warper began the quest for the Orb.
     0 | D:1      | Reached XP level 1. HP: 20/20 MP: 6/6
   202 | D:1      | Reached XP level 2. HP: 26/26 MP: 7/7
   634 | D:1      | Reached XP level 3. HP: 30/31 MP: 9/9
   637 | D:1      | Learned a level 2 spell: Blink
   668 | D:1      | Reached skill level 5 in Spellcasting
   924 | D:1      | Reached skill level 1 in Invocations
  1379 | D:1      | Reached skill level 1 in Short Blades
  1379 | D:1      | Reached skill level 1 in Long Blades
  1379 | D:1      | Reached skill level 1 in Axes
  1379 | D:1      | Reached skill level 1 in Polearms
  1379 | D:1      | Reached skill level 1 in Staves
  1379 | D:1      | Reached skill level 1 in Slings
  1379 | D:1      | Reached skill level 1 in Bows
  1379 | D:1      | Reached skill level 1 in Crossbows
  1379 | D:1      | Reached skill level 1 in Stealth
  1379 | D:1      | Reached skill level 1 in Shields
  1379 | D:1      | Reached skill level 1 in Unarmed Combat
  1379 | D:1      | Reached skill level 1 in Evocations
  1562 | D:1      | Learned a level 3 spell: Gell's Gravitas
  1577 | D:2      | Reached XP level 4. HP: 19/38 MP: 11/11
  2236 | D:2      | HP: 1/38 [poisoned by an adder]
  2664 | D:2      | Reached skill level 1 in Conjurations
  2664 | D:2      | Reached skill level 1 in Hexes
  2664 | D:2      | Reached skill level 1 in Summonings
  2664 | D:2      | Reached skill level 1 in Necromancy
  2664 | D:2      | Reached skill level 1 in Transmutations
  2664 | D:2      | Reached skill level 1 in Fire Magic
  2664 | D:2      | Reached skill level 1 in Ice Magic
  2664 | D:2      | Reached skill level 1 in Air Magic
  2664 | D:2      | Reached skill level 1 in Earth Magic
  2664 | D:2      | Reached skill level 1 in Poison Magic
  2859 | D:2      | Reached XP level 5. HP: 11/43 MP: 8/12
  3682 | D:3      | Found Quutz's Antique Armour Boutique.
  4066 | D:3      | Found a shimmering blue altar of Sif Muna.
  4183 | D:3      | Found an iron altar of Okawaru.
  4399 | D:3      | Found Ykluosok's Antique Armour Boutique.
  4594 | D:3      | Found a runed translucent door.
  4595 | D:3      | Noticed Crazy Yiuf
  4670 | D:4      | Reached XP level 6. HP: 38/50 MP: 13/13
  4792 | D:4      | Found a broken altar of Ashenzari.
  5021 | D:4      | Became a worshipper of Ashenzari the Shackled
  5383 | D:4      | Reached skill level 5 in Fighting
  5383 | D:4      | Reached skill level 5 in Maces & Flails
  5383 | D:4      | Reached skill level 5 in Dodging
  5383 | D:4      | Noticed a black bear
  5684 | D:4      | Noticed a black bear
  5945 | D:4      | Learned a level 5 spell: Manifold Assault
  6360 | D:3      | HP: 1/51 [Crazy Yiuf (16)]
  6365 | D:3      | Slain by Crazy Yiuf

Illustrated notes

Levels and vault maps discovered:
D:1:      dpeg_arrival_more_subterranean_lakeside_camping, layout_rooms,
          amcnicky_mini_pool_small
D:2:      layout_basic, minmay_surrounded
D:3:      layout_rooms, lemuel_crystal_altar, nicolae_overflow_hidden_temple,
          serial_shops, shop, nicolae_square_shop, uniq_crazy_yiuf_cottage
D:4:      layout_rooms, evilmike_ruin_ashenzari, sigmund_army

Skill      XL: |  1  2  3  4  5  6 |
---------------+-------------------+-----
Spellcasting   | 5 |  5.4
Invocations    | 1 2 |  2.3
Short Blades   | 1 2 |  2.1
Long Blades    | 1 2 |  2.1
Axes           | 1 2 |  2.1
Polearms       | 1 2 |  2.1
Staves         | 1 2 |  2.1
Slings         | 1 2 |  2.1
Bows           | 1 2 |  2.1
Crossbows      | 1 2 |  2.1
Stealth        | 1 2 |  2.1
Shields        | 1 2 |  2.1
Unarmed Combat | 1 2 |  2.1
Evocations     | 1 2 |  2.1
Conjurations   | 1 |  1.6
Hexes          | 1 |  1.6
Summonings     | 1 |  1.6
Necromancy     | 1 |  1.6
Transmutations | 1 |  1.6
Fire Magic     | 1 |  1.6
Ice Magic      | 1 |  1.6
Air Magic      | 1 |  1.6
Earth Magic    | 1 |  1.6
Poison Magic   | 1 |  1.6
Throwing       | 3 |  3.3
Armour         | 3 |  3.3
Fighting       | 5 |  5.0
Maces & Flails | 5 |  5.0
Dodging        | 5 |  5.0
Translocations | |  5.7

Action                   |  1- 3 |  4- 6 || total
-------------------------+-------+-------++-------
Melee: Mace              |   119 |    12 ||   131
       Bite              |     3 |    40 ||    43
       Flail             |       |   109 ||   109
       Punch             |       |     9 ||     9
       Trident           |       |   165 ||   165
Throw: Stone             |     2 |    49 ||    51
       Boomerang         |       |     3 ||     3
 Cast: Gell's Gravitas   |       |    16 ||    16
       Blink             |       |     3 ||     3
  Use: Scroll            |       |     2 ||     2
       Potion            |       |     3 ||     3
 Stab: Sleeping          |       |     6 ||     6
Armor: Leather armour    |    35 |    26 ||    61
Dodge: Dodged            |    82 |   141 ||   223
